Map: Orbital Shipyard

Players

wabbajack

  • Race: Zerg Zerg
  • League: Gold

StrongeR - Winner!

  • Race: Terran Terran
  • League: Silver

VOD

Have the link to the VOD?

Description

Time

  • Played on: July 19, 2015, 3:32 p.m.
  • Length: 12:02
Show
View Real Time Build Order
Export as new Build Order

wabbajack Zerg 

Build Orders: Hatch First 

Get SALT Encoding   

  12  0:01  Drone  
  13  0:15  Overlord  
  13  0:19  Drone  
  14  0:28  Drone, Extractor  
  13  0:34  Drone  
  16  0:38  Drone  
  17  0:55  Hatchery  
  16  0:59  Extractor  
  15  1:10  Spawning Pool  
  14  1:12  Drone  
  14  1:16  Drone  
  16  1:25  Drone x2  
  18  1:35  Drone  
  19  1:44  Overlord  
  19  1:57  Queen  
  21  2:06  Queen  
  23  2:09  Metabolic Boost  
  23  2:13  Extractor  
  23  2:14  Drone x2  
  24  2:16  Drone  
  25  2:34  Spine Crawler  
  24  2:38  Spine Crawler  
  24  2:40  Spine Crawler  
  24  2:41  Drone  
  23  2:47  Pneumatized Carapace  
  23  2:57  Drone x2  
  25  2:58  Drone  
  25  3:01  Drone  
  25  3:04  Drone  
  28  3:07  Drone  
  29  3:14  Drone  
  29  3:16  Drone  
  29  3:19  Drone  
  32  3:29  Baneling Nest  
  32  3:31  Zergling x2  
  32  3:32  Zergling x2  
  32  3:33  Zergling x2  
  35  3:34  Zergling x2  
  35  3:40  Zergling x2  
  36  3:44  Overlord  
  36  3:52  Overlord  
  36  4:04  Drone x2  
  36  4:06  Zergling x2  
  36  4:07  Zergling x10  
  44  4:41  Baneling x2  
  36  5:57  Hatchery  
  36  6:02  Drone  
  36  6:03  Drone x15  
  51  6:09  Spore Crawler  
  51  6:10  Spore Crawler  
  49  6:11  Spore Crawler  
  49  6:13  Spore Crawler  
  49  6:16  Spore Crawler  
  49  6:17  Spore Crawler x2  
  44  6:21  Hatchery  
  44  6:22  Spore Crawler  
  44  6:24  Extractor  
  44  6:25  Extractor  
  40  6:28  Lair  
  40  6:33  Queen  
  40  6:34  Hatchery  
  40  6:35  Drone x3  
  40  6:36  Drone x3  
  40  6:39  Drone x3  
  50  6:53  Drone  
  51  6:54  Overlord x2  
  51  6:55  Overlord x2  
  51  7:02  Evolution Chamber  
  51  7:03  Evolution Chamber x2  
  51  7:07  Drone x3  
  51  7:09  Drone  
  51  7:11  Drone  
  53  7:18  Queen  
  55  7:30  Drone  
  55  7:32  Hydralisk Den  
  55  7:37  Overseer  
  55  8:14  Queen  
  57  8:33  Spire  
  57  8:34  Muscular Augments  
  56  8:36  Zerg Missile Weapons Level 1, Zerg Ground Armor Level 1  
  56  8:37  Zerg Melee Weapons Level 1  
  56  8:47  Hydralisk x4  
  56  8:48  Hydralisk x6  
  66  8:49  Hydralisk x4  
  66  8:50  Hydralisk x2  
  67  9:25  Hydralisk  
  65  9:46  Corruptor  
  65  9:47  Corruptor x7  
  65  9:49  Hydralisk  
  65  9:50  Queen  
  65  9:51  Queen  
  62  10:34  Drone x3  
  65  10:38  Drone x2  
  65  10:39  Drone x7, Extractor  
  65  10:40  Drone x4  
  65  10:41  Drone x3, Extractor  
  79  10:43  Drone x3  
  79  10:48  Zergling x6  
  85  11:00  Baneling x2  
  85  11:03  Baneling  
  85  11:04  Baneling  
  85  11:26  Spore Crawler  
  85  11:27  Spore Crawler x2  
  85  11:29  Spore Crawler  
Show
View Real Time Build Order
Export as new Build Order

StrongeR Terran - Winner!

Build Orders:  

Get SALT Encoding   

  12  0:01  SCV  
  13  0:13  SCV  
  14  0:21  Supply Depot  
  14  0:25  SCV  
  15  0:43  SCV  
  15  0:45  Barracks  
  16  0:50  Refinery  
  16  0:55  SCV  
  17  1:07  Supply Depot, SCV  
  18  1:19  SCV  
  19  1:41  Command Center  
  19  1:47  Orbital Command  
  19  1:59  Factory  
  19  2:11  Refinery  
  19  2:14  Barracks Reactor  
  19  2:19  SCV  
  20  2:31  SCV  
  21  2:43  Factory Tech Lab, SCV  
  22  2:49  Supply Depot  
  22  2:50  Marine x2  
  24  2:55  SCV  
  24  2:57  Orbital Command  
  25  3:07  SCV  
  25  3:11  Siege Tank  
  29  3:19  SCV  
  30  3:21  Marine x2  
  32  3:28  SCV  
  32  3:31  SCV  
  34  3:41  SCV, Starport  
  34  3:43  SCV  
  36  3:54  Siege Tank  
  39  3:55  SCV  
  39  3:56  SCV  
  39  3:59  Refinery  
  39  4:02  Refinery  
  41  4:03  Marine x2  
  41  4:08  SCV x2  
  45  4:20  SCV x2, Starport Tech Lab  
  45  4:23  Starport  
  47  4:28  Starport  
  47  4:32  SCV x2  
  49  4:43  Cloaking Field  
  49  4:44  SCV  
  50  4:46  Banshee  
  53  4:55  Command Center  
  53  4:56  Supply Depot, SCV  
  54  5:00  Supply Depot  
  54  5:02  Starport Reactor  
  54  5:05  Armory  
  54  5:07  Starport Reactor  
  54  5:10  Supply Depot  
  54  5:18  SCV  
  51  5:30  SCV  
  52  5:41  Liberator x2  
  52  5:42  Engineering Bay  
  49  5:48  SCV  
  41  5:53  SCV  
  42  6:00  SCV  
  49  6:05  SCV  
  50  6:12  SCV  
  50  6:15  Missile Turret  
  51  6:18  Liberator x2  
  51  6:22  Bunker  
  51  6:24  Missile Turret  
  51  6:30  Bunker  
  51  6:33  Marine x2  
  51  6:36  Liberator  
  62  6:58  Marine  
  62  6:59  Marine  
  62  7:01  SCV  
  65  7:13  SCV  
  66  7:25  SCV  
  67  7:32  SCV  
  67  7:36  Liberator  
  67  7:37  Thor, SCV, Liberator  
  75  7:44  SCV  
  75  7:46  SCV  
  75  7:49  SCV  
  84  7:58  SCV  
  82  8:11  Refinery  
  82  8:13  Planetary Fortress  
  82  8:14  Refinery  
  82  8:32  Thor  
  88  8:54  Barracks x2  
  88  8:55  Barracks x3  
  88  8:56  Barracks  
  82  9:40  Liberator x3  
  82  9:41  Liberator  
  82  9:52  Barracks Reactor x2, Barracks Tech Lab  
  82  9:53  Barracks Reactor, Barracks Tech Lab x2  
  82  9:54  SCV  
  92  10:06  SCV  
  90  10:14  Marauder  
  90  10:15  Marine  
  90  10:21  Supply Depot  
  93  10:25  Marine  
  93  10:26  Marauder  
  93  10:28  SCV x2, Marauder  
  94  10:31  Marine x6  
  94  10:33  Marine  
  98  10:36  Marauder  
  98  10:40  SCV  
  102  10:42  SCV  
  102  10:43  Marine  
  102  10:45  Supply Depot  
  102  10:47  Marauder  
  102  10:48  Marine x2  
  102  10:49  Marine x2  
  109  11:04  Supply Depot  
  109  11:05  Supply Depot  
  109  11:06  Supply Depot, SCV x2, Marine x4  
  109  11:07  Supply Depot, Marauder  
  117  11:25  Medivac x3, Marine  
  117  11:27  Marauder x2  
  117  11:28  Marauder  
  130  11:42  Marine  
  130  11:43  Marine x3  
Tags
 
Add a new tag
Caveats
  • Supply blocks, unpowered buildings, or Contaminate may cause inaccurate times.
  • Supply counts are checked every 10 seconds.